 Dungeon Crawl Stone Soup version 0.24-a0-484-g962a3eeff7 (webtiles) character file.

Game seed: 11155379332350807656

13131 Inquire the Cleaver (level 11, -1/109 HPs)
             Began as a Deep Dwarf Gladiator on July 9, 2019.
             Was a Priest of Makhleb.
             Slain by an unseen horror (3 damage)
             ... on level 12 of the Dungeon.
             The game lasted 00:22:30 (10695 turns).

Inquire the Cleaver (Deep Dwarf Gladiator)         Turns: 10695, Time: 00:22:30

Health: -1/109     AC: 17    Str: 18    XL:     11   Next: 71%
Magic:  7/7        EV:  7    Int: 14    God:    Makhleb [***...]
Gold:   490        SH:  0    Dex: 14    Spells: 10/10 levels left

rFire    . . .     SeeInvis .   a - +1 war axe (flame)
rCold    . . .     Gourm    .   (no shield)
rNeg     . . .     Faith    .   m - +4 chain mail of Calculation {rPois Int+4}
rPois    +         Spirit   .   c - +2 helmet
rElec    .         Reflect  .   r - +0 cloak
rCorr    .         Harm     .   (no gloves)
MR       +....                  (no boots)
Stlth    ..........             (no amulet)
HPRegen  0.00/turn              (no ring)
MPRegen  0.10/turn              (no ring)

@: non-regenerating, extremely drained
A: damage resistance, heal wounds, sense surroundings 3, weak 1, subdued magic
1, no regeneration
a: Heal Wounds, Minor Destruction, Lesser Servant of Makhleb, Renounce Religion


You were on level 12 of the Dungeon.
You worshipped Makhleb.
Makhleb was most pleased with you.
You were hungry.

You visited 3 branches of the dungeon, and saw 15 of its levels.

You collected 740 gold pieces.
You spent 250 gold pieces at shops.

Inventory:

Hand Weapons
 a - a +1 war axe of flaming (weapon)
 j - a +2 whip of electrocution
 l - a +1 war axe of venom
Missiles
 k - 25 poisoned darts (quivered)
 s - 6 curare-tipped darts
Armour
 b - a +0 leather armour
 c - a +2 helmet (worn)
 m - the +4 chain mail of Calculation (worn) {rPois Int+4}
   (You found it on level 4 of the Dungeon)

   It affects your intelligence (+4).
   It protects you from poison.
 r - a +0 cloak (worn)
Wands
 e - a wand of polymorph (11)
 w - a wand of random effects (10)
 x - a wand of flame (12)
 y - a wand of digging (5)
Scrolls
 g - 2 scrolls of amnesia
 q - 3 scrolls of remove curse
 t - 5 scrolls of identify
 A - a scroll of fog
Potions
 h - a potion of resistance
 i - a potion of might
 n - 2 potions of brilliance
 B - a potion of berserk rage
Comestibles
 f - 24 rations


   Skills:
 * Level 10.2(2.8) Fighting
 * Level 12.2(4.5) Axes
 - Level 1.7(0.0) Throwing
 * Level 11.7(4.1) Armour
 - Level 3.3(0.0) Dodging


You had 10 spell levels left.
You didn't know any spells.
Your spell library contained the following spells:

 Spells                   Type           Power        Failure   Level  Hunger
 Beastly Appendage        Tmut           #.....       97%         1    ##.....
 Magic Dart               Conj           #...         97%         1    ##.....
 Blink                    Tloc           N/A          99%         2    ###....
 Call Imp                 Summ           #.......     99%         2    ###....
 Slow                     Hex            #.......     99%         2    ###....
 Sticks to Snakes         Tmut           #.......     99%         2    ###....
 Conjure Flame            Conj/Fire      #.......     100%        3    ####...
 Mephitic Cloud           Conj/Pois/Air  #.......     100%        3    ####...
 Spider Form              Tmut/Pois      #.........   100%        3    ####...
 Ice Form                 Ice/Tmut       #.......     100%        4    #####..
 Blade Hands              Tmut           #.........   100%        5    ######.


Dungeon Overview and Level Annotations

Branches:
Dungeon (12/15)            Temple (1/1) D:6            Lair (2/6) D:8
  Swamp: Lair:2-4    Shoals: Lair:2-4     Snake: Lair:2-4    Spider: Lair:2-4
    Orc: D:9-12

Altars:
Ashenzari
Cheibriados
Dithmenos
Elyvilon
Fedhas
Gozag
Hepliaklqana
Kikubaaqudgha
Makhleb
Nemelex Xobeh
Okawaru
Qazlal
Ru
Sif Muna
Trog
Uskayaw
Vehumet
Wu Jian
Xom
Yredelemnul
Zin
The Shining One

Shops:
D:6 (   D:7 *   D:10 [

Annotations:
D:6 LAJAC
D:9 2 runed translucent doors


Innate Abilities, Weirdness & Mutations

You are resistant to damage.
You can heal yourself by infusing magical energy.
You passively map a large area around you.
You do not regenerate.
You are weak. (Str -2)
Your spells are a little easier to cast, but a little less powerful.


Message History

You now have 490 gold pieces (gained 7).
Something hits you.
* * * LOW HITPOINT WARNING * * *
Deactivating autopickup; reactivate with Ctrl-A.
Something hits you but does no damage.
Okay, then.
Something hits you but does no damage.
You hit something. You burn something. Something hits you.
* * * LOW HITPOINT WARNING * * *
You swing at nothing.
Something hits you.
* * * LOW HITPOINT WARNING * * *
Your chain mail of Calculation prevents you from hitting something.
Something hits you but does no damage.
You barely miss something. Something hits you but does no damage.
You miss something. Something hits you but does no damage.
You swing at nothing.
Something hits you!
* * * LOW HITPOINT WARNING * * *
You swing at nothing.
Something hits you but does no damage.
You barely miss something. Something hits you.
You die...

*,* ,, #.###
#.....# *, , * *
#...###.....# * ,*
#...........# ,*
#...........######
*
#.................
,
#..###############
* *,, #..# , , ,
#..# ,, ,, #@.# ,
, , , *#..# * * **
#..# ,, , , *#$.#
* , * #..# * * *
.... , , ,,, *
,,...## * * *
,.... , , ,,, ,
,...######### * *
*


There were no monsters in sight!

Vanquished Creatures
  A hydra (Lair:1)
  Sonja (Lair:1)
  Pikel (D:8)
  Maurice (D:8)
  A black mamba (Lair:1)
  Joseph (Lair:1)
  A rime drake (Lair:1)
  3 spiny frogs (Lair:1)
  A wyvern (D:9)
  10 yaks
  Grum (D:8)
  4 water moccasins (Lair:1)
  7 porcupines
  4 orc warriors
  2 ice beasts
  A sky beast (D:7)
  7 black bears
  A phantom (D:6)
  4 slaves (D:8)
  6 ogres
  10 wolves
  A centaur (D:10)
  Blork the orc (D:4)
  A gnoll sergeant (D:10)
  6 bullfrogs
  A water moccasin zombie (D:7)
  4 scorpions
  6 killer bees (D:10)
  9 wights
  A howler monkey (D:9)
  4 crimson imps
  2 bullfrog zombies
  5 hounds
  3 jellies
  4 orc priests
  A gnoll shaman (D:5)
  Terence (D:3)
  An iguana (D:5)
  Natasha (thrice) (D:3)
  9 orc wizards
  2 hell rats (Lair:1)
  4 worker ants
  A hound skeleton (D:11)
  8 gnolls
  14 adders
  15 river rats
  2 adder zombies
  A worm (D:2)
  2 dart slugs (D:1)
  6 leopard geckos
  29 orcs
  2 bats
  4 giant cockroaches
  18 goblins
  13 hobgoblins
  9 jackals
  10 kobolds
  11 quokkas
  A ball python (D:1)
  4 frilled lizards
  A leopard gecko skeleton (D:4)
  26 rats
  5 fungi
  A plant (D:8)
320 creatures vanquished.

Vanquished Creatures (collateral kills)
  3 hippogriffs
  3 yaks (Lair:1)
  A hungry ghost (D:11)
  A bullfrog (D:12)
  A hound zombie (D:11)
9 creatures vanquished.

Vanquished Creatures (others)
  23 fungi (D:8)
  5 plants
28 creatures vanquished.

Grand Total: 357 creatures vanquished

Notes
Turn   | Place    | Note
-------+----------+-------------------------------------------
     0 | D:1      | Inquire the Deep Dwarf Gladiator began the quest for the
                  | Orb.
     0 | D:1      | Reached XP level 1. HP: 19/19 MP: 1/1
    45 | D:1      | Reached XP level 2. HP: 23/26 MP: 2/2
   144 | D:1      | Reached skill level 1 in Armour
   406 | D:1      | Reached XP level 3. HP: 21/32 MP: 3/3
   693 | D:2      | Reached skill level 4 in Axes
  1010 | D:2      | Reached XP level 4. HP: 22/40 MP: 4/4
  1925 | D:3      | Noticed Terence
  1944 | D:3      | Killed Terence
  1972 | D:3      | Noticed a hippogriff
  2014 | D:3      | Reached XP level 5. HP: 20/49 MP: 5/5
  2257 | D:4      | Got a steaming chain mail
  2258 | D:4      | Identified the +4 chain mail of Calculation {rPois Int+4}
                  | (You found it on level 4 of the Dungeon)
  2333 | D:4      | Reached skill level 5 in Axes
  2420 | D:4      | Noticed Blork the orc
  2428 | D:4      | Killed Blork the orc
  2428 | D:4      | Reached XP level 6. HP: 15/57 MP: 6/6
  2732 | D:4      | Found a deep blue altar of Sif Muna.
  2772 | D:5      | Entered Level 5 of the Dungeon
  2793 | D:5      | Noticed an ice beast
  2812 | D:5      | Killed an ice beast
  2964 | D:5      | Found a shadowy altar of Dithmenos.
  3005 | D:5      | Reached XP level 7. HP: 19/64 MP: 6/6
  3314 | D:6      | Reached skill level 6 in Axes
  3370 | D:6      | Reached skill level 5 in Armour
  3395 | D:6      | Reached skill level 5 in Fighting
  3408 | D:6      | Reached XP level 8. HP: 21/74 MP: 7/7
  3583 | D:6      | Found Ilokheho's Antique Weapon Shoppe.
  3590 | D:6      | Bought a runed war axe for 169 gold pieces
  3631 | D:6      | Reached skill level 7 in Axes
  3881 | D:6      | Found a staircase to the Ecumenical Temple.
  3970 | Temple   | Entered the Ecumenical Temple
  4293 | Temple   | Became a worshipper of Makhleb the Destroyer
  4488 | D:7      | Found Muope's Assorted Antiques.
  4517 | D:7      | Bought a scroll labeled BUEGECHEESOA for 29 gold pieces
  4517 | D:7      | Bought a sedimented emerald potion for 26 gold pieces
  4517 | D:7      | Bought a fuming dark potion for 26 gold pieces
  4616 | D:7      | Reached skill level 8 in Axes
  4794 | D:7      | Gained mutation: You passively map the area around you.
                  | [Deep Dwarf growth]
  4794 | D:7      | Reached XP level 9. HP: 38/84 MP: 8/8
  4820 | D:7      | Found a radiant altar of Vehumet.
  5116 | D:8      | Noticed Grum
  5133 | D:8      | Reached * piety under Makhleb
  5140 | D:8      | Killed Grum
  5302 | D:8      | Noticed Maurice
  5318 | D:8      | Killed Maurice
  5318 | D:8      | Reached skill level 9 in Axes
  5513 | D:8      | Found a staircase to the Lair.
  5548 | D:8      | Reached XP level 10. HP: 74/96 MP: 9/9
  5631 | D:8      | Noticed Pikel
  5635 | D:8      | Killed Pikel
  5635 | D:8      | Reached ** piety under Makhleb
  5635 | D:8      | Reached skill level 10 in Axes
  6415 | D:9      | Reached *** piety under Makhleb
  6600 | D:9      | Noticed an ice dragon
  6600 | D:9      | Noticed an ice dragon
  6601 | D:9      | Found the +2 shield of Resistance {rF+ rC+ MR+}
  6601 | D:9      | Found a runed translucent door.
  6601 | D:9      | Noticed a fire dragon
  6601 | D:9      | Noticed a fire dragon
  6632 | D:9      | Found a runed translucent door.
  6816 | D:10     | Entered Level 10 of the Dungeon
  6893 | D:10     | Reached skill level 10 in Armour
  6984 | D:10     | Found Qepn's Armour Shop.
  7332 | Lair:1   | Entered Level 1 of the Lair of Beasts
  7332 | Lair:1   | Found a white marble altar of Elyvilon.
  7332 | Lair:1   | Noticed a spiny frog
  7340 | Lair:1   | Killed a spiny frog
  7340 | Lair:1   | Reached skill level 11 in Axes
  7348 | Lair:1   | Noticed a spiny frog
  7349 | Lair:1   | Noticed Joseph
  7356 | Lair:1   | Killed a spiny frog
  7358 | Lair:1   | Gained mutation: Your spells are a little easier to cast,
                  | but a little less powerful. [a neqoxec]
  7363 | Lair:1   | Gained mutation: Your body sometimes deteriorates upon
                  | taking damage. [a neqoxec]
  7372 | Lair:1   | Killed Joseph
  7372 | Lair:1   | Reached XP level 11. HP: 106/106 MP: 10/10
  7373 | Lair:1   | Lost mutation: Your spells are a little easier to cast, but
                  | a little less powerful. [potion of mutation]
  7373 | Lair:1   | Lost mutation: Your body sometimes deteriorates upon taking
                  | damage. [potion of mutation]
  7373 | Lair:1   | Gained mutation: Your spells are a little easier to cast,
                  | but a little less powerful. [potion of mutation]
  7373 | Lair:1   | Gained mutation: You are weak. (Str -2) [potion of
                  | mutation]
  7373 | Lair:1   | Gained mutation: You passively map a large area around you.
                  | [potion of mutation]
  7562 | Lair:1   | Reached **** piety under Makhleb
  7576 | Lair:1   | Noticed Sonja
  7615 | Lair:1   | Killed Sonja
  8157 | Lair:1   | Noticed a six-headed hydra
  8166 | Lair:1   | HP: 1/108 [two-headed hydra (10)]
  8176 | Lair:1   | Killed a two-headed hydra
  8176 | Lair:1   | Reached skill level 10 in Fighting
  8176 | Lair:1   | Reached skill level 12 in Axes
  8396 | Lair:1   | HP: 4/108 [hell rat (2)]
  8811 | D:11     | Noticed a green ugly thing
  9392 | D:3      | Noticed Natasha
  9396 | D:3      | Killed Natasha
  9467 | D:3      | Noticed Natasha
  9474 | D:3      | Killed Natasha
  9548 | D:3      | Noticed Natasha
  9555 | D:3      | Killed Natasha
 10542 | D:12     | HP: 4/109 [hellwing[the player character] (2)]
 10693 | D:12     | HP: 2/109 [something (5)]
 10695 | D:12     | Slain by an unseen horror

Levels and vault maps discovered:
D:1:      lightli_arrival_statue_moat, layout_loops_cross,
          minmay_strange_pillars
D:2:      layout_basic
D:3:      layout_basic, first_ration, serial_bayou_lagoon_a, uniq_natasha,
          uniq_terence
D:4:      layout_loops_ring, led_sif_book, uniq_blork_the_orc
D:5:      layout_basic, grunt_dithmenos_smoke_and_mirrors
D:6:      lemuel_ratsnest, layout_cave_pools, minmay_temple_entry_sparse_star,
          serial_column_ruins, column_ruins_hut_ruined,
          column_ruins_columns_straight, column_ruins_open_tiny,
          column_ruins_corridor_straight, column_ruins_grid_3,
          column_ruins_open_small, serial_shops, shop
D:7:      layout_basic, lemuel_round_altar, serial_shops, shop, feat_on_display
D:8:      corexii_shack_village, layout_loops_corners,
          due_lair_maze_entry_diamond, uniq_grum, uniq_maurice, uniq_pikel
D:9:      layout_basic, minmay_guarded_unrand_resistance
D:10:     layout_rooms, serial_shops, shop_statue
D:11:     kennysheep_spiral_hall, layout_cave_pods, david_orc_2,
          hangedman_stone_soup
D:12:     layout_basic, drop_trap, feat_on_display
Temple:   regret_index_temple_sigil_plot
Lair:1:   cheibrodos_lair_river_kwai, layout_big_grid, basic_altar,
          kennysheep_rathole, serial_bayou_shore_a, uniq_joseph, uniq_sonja
Lair:2:   layout_gridlike

Skill      XL: |  1  2  3  4  5  6  7  8  9 10 11 |
---------------+----------------------------------+-----
Fighting       | 2 3 4 5 6 7 9 10 | 10.2
Armour         | 1 2 3 4 5 7 9 10 11 | 11.7
Axes           | 4 5 6 8 9 11 12 | 12.2
Throwing       | |  1.7
Dodging        | |  3.3

Action                   |  1- 3 |  4- 6 |  7- 9 | 10-12 || total
-------------------------+-------+-------+-------+-------++-------
Melee: War axe           |    89 |   148 |   353 |   441 ||  1031
Throw: Throwing net      |     4 |     7 |       |       ||    11
       Javelin           |       |     7 |    22 |     2 ||    31
       Dart              |       |       |     6 |    15 ||    21
       Boomerang         |       |       |       |     2 ||     2
Invok: Lesser Servant of |       |       |       |    10 ||    10
 Abil: Heal Wounds       |       |     2 |     4 |     7 ||    13
Evoke: Wand              |       |       |     3 |    28 ||    31
  Use: Scroll            |     5 |     9 |     8 |    11 ||    33
       Potion            |     2 |     5 |    13 |     8 ||    28
 Stab: Sleeping          |     3 |       |       |       ||     3
       Invisible         |     1 |       |       |       ||     1
       Held in net/web   |       |     2 |       |       ||     2
  Eat: Chunk             |       |     7 |     5 |     9 ||    21
       Ration            |       |       |     1 |     4 ||     5
Armor: Leather armour    |    15 |    21 |       |       ||    36
       Chain mail        |       |    34 |   211 |   425 ||   670
       Skin              |       |    12 |       |       ||    12
Dodge: Dodged            |    61 |   100 |   179 |   278 ||   618

Table legend:
 A = Non-vault XP
 B = Vault XP
 C = Vault XP percentage of total XP
 D = Non-vault monster count
 E = Vault monster count
 F = Vault count percentage of total count
                 A         B        C        D         E       F
            +---------+---------+-------+---------+---------+-------
      Total |   11403 |    7356 |  39.2 |     235 |      84 |  26.3
            +---------+---------+-------+---------+---------+-------
        D:1 |      47 |       0 |   0.0 |      24 |       0 |   0.0
        D:2 |      60 |       0 |   0.0 |      21 |       0 |   0.0
        D:3 |     301 |      73 |  19.5 |      32 |       2 |   5.9
        D:4 |     174 |     141 |  44.8 |       9 |       2 |  18.2
        D:5 |     361 |       0 |   0.0 |      12 |       0 |   0.0
        D:6 |     780 |     421 |  35.1 |      13 |      31 |  70.5
        D:7 |     768 |       0 |   0.0 |      16 |       0 |   0.0
        D:8 |     835 |    3039 |  78.4 |      21 |      29 |  58.0
        D:9 |    1438 |       0 |   0.0 |      29 |       0 |   0.0
       D:10 |    1525 |       0 |   0.0 |      25 |       0 |   0.0
       D:11 |     546 |      21 |   3.7 |       6 |       2 |  25.0
       D:12 |     175 |       0 |   0.0 |       2 |       0 |   0.0
     Lair:1 |    4393 |    3661 |  45.5 |      25 |      18 |  41.9
            +---------+---------+-------+---------+---------+-------
